 Dungeon Crawl Stone Soup version 0.17-a0-1210-g1e4f09d (webtiles) character file.

37 Vivisectus the Conjurer (level 3, 0/19 HPs)
             Began as a Deep Elf Conjurer on June 2, 2015.
             Slain by Ijyb
             ... wielding a +0 dagger
              (4 damage)
             ... on level 2 of the Dungeon on June 3, 2015.
             The game lasted 00:10:04 (1425 turns).

Vivisectus the Conjurer (Deep Elf Conjurer)         Turns: 1425, Time: 00:10:04

Health: 0/19       AC:  2    Str:  5    XL:     3   Next: 23%
Magic:  2/10       EV: 13    Int: 20    God:
Gold:   53         SH:  0    Dex: 15    Spells: 3 memorised, 3 levels left

rFire  . . .     SeeInvis .     e - +0 dagger
rCold  . . .     Clarity  .     a - +0 robe
rNeg   . . .     SustAt   .     (no shield)
rPois  .         Gourm    .     (no helmet)
rElec  .         Spirit   .     (no cloak)
rCorr  .         Warding  .     (no gloves)
rMut   .         Stasis   .     (no boots)
MR     .....                    (no amulet)
Stlth  ++........               (no ring)
                                (no ring)

@: not resistant to hostile enchantments, unstealthy
A: no striking features
a: no special abilities


You were on level 2 of the Dungeon.
You were hungry.

You visited 1 branch of the dungeon, and saw 2 of its levels.

You collected 53 gold pieces.

Inventory:

Hand weapons
 e - a +0 dagger (weapon)
Armour
 a - a +0 robe (worn)
Scrolls
 h - a scroll of fear {unknown}
 i - a scroll of magic mapping {unknown}
Potions
 d - 2 potions of curing
 g - a potion of brilliance {unknown}
Books
 b - a book of Conjurations

   Spells                             Type                      Level
   a - Magic Dart                     Conjuration                  1
   b - Searing Ray                    Conjuration                  2
   c - Dazzling Spray                 Conjuration/Hexes            3
   d - Fulminant Prism                Conjuration/Hexes            4
   e - Iskenderun's Mystic Blast      Conjuration                  4
   f - Iskenderun's Battlesphere      Conjuration/Charms           5
Comestibles
 c - a bread ration
 j - 2 chunks of flesh


   Skills:
 + Level 2.9 Dodging
 - Level 2.4 Stealth
 * Level 3.9 Spellcasting
 - Level 4.9 Conjurations
 + Level 0.0 Hexes


You had 3 spell levels left.
You knew the following spells:

 Your Spells              Type           Power        Failure   Level  Hunger
a - Magic Dart            Conj           ###.         1%          1    None
b - Searing Ray           Conj           ###...       2%          2    ##.....
c - Dazzling Spray        Conj/Hex       ##......     17%         3    ###....


Dungeon Overview and Level Annotations

Branches:
Dungeon (2/15)

Altars:

Annotations:
D:2 Ijyb


Message History

The bat barely misses you. Ijyb hits you but does no damage.
The kobold throws a stone.
The stone barely misses you.
You hit Ijyb but do no damage.
Ijyb is severely wounded.
The bat closely misses you. Ijyb closely misses you.
The bat closely misses you.
You completely miss Ijyb.
Ijyb is severely wounded.
The bat closely misses you. Ijyb barely misses you.
You hit Ijyb but do no damage.
Ijyb is severely wounded.
Ijyb is no longer blind.
The bat hits you but does no damage. Ijyb closely misses you.
You completely miss Ijyb.
Ijyb is severely wounded.
The bat misses you. Ijyb completely misses you.
You hit Ijyb but do no damage.
Ijyb is severely wounded.
The bat barely misses you. Ijyb hits you with a dagger.
You die...

.#...........##...........# ..
.#...........+<...........# #
.............##...........#### #
.............................# #
......######........[........#
......# #.................####
......# #...K.................
.###### #....b................
.###########....@g...............
..............####..#############
..###########.####..# #. ###
#.........#..# ##
########.........#..#
.#.....'............#
.#...###.........#.###.# .....#
#.........#.....## †#...#
#..................


You could see Ijyb, a bat and a kobold.

Vanquished Creatures
  4 bats
  A giant cockroach (D:1)
  2 hobgoblins (D:1)
  5 jackals
  7 kobolds
  A giant newt (D:2)
  12 goblins
  4 rats
36 creatures vanquished.

Notes
Turn   | Place    | Note
--------------------------------------------------------------
     0 | D:1      | Vivisectus the Deep Elf Conjurer began the quest for the Orb.
     0 | D:1      | Reached XP level 1. HP: 10/10 MP: 6/6
   132 | D:1      | Reached XP level 2. HP: 12/15 MP: 0/8
   409 | D:1      | Learned a level 2 spell: Searing Ray
   416 | D:1      | Upgraded the game from 0.17-a0-1197-g2d00c63 to 0.17-a0-1210-g1e4f09d
  1141 | D:2      | Reached XP level 3. HP: 16/19 MP: 8/10
  1146 | D:2      | Learned a level 3 spell: Dazzling Spray
  1282 | D:2      | Noticed Ijyb
  1425 | D:2      | Slain by Ijyb

Vault maps used:
D:1:      minmay_arrival_jagged, st_stairs_4
D:2:      kennysheep_goblin_castle

Action                   || total
-------------------------++-------
Melee: Dagger            ||    34
 Cast: Magic Dart        ||    52
       Searing Ray       ||     5
       Dazzling Spray    ||     6
  Use: Potion            ||     2
 Stab: Invisible         ||     1
  Eat: Chunk             ||     1
